Map: 机械城 - 天梯版

Players

Serral - Winner!

  • Race: Zerg Zerg

ShoWTimE

  • Race: Protoss Protoss

Event: WESG 2018 Grand Finals

VOD

Have the link to the VOD?

Description

Time

  • Played on: March 11, 2019, 7:50 a.m.
  • Length: 8:18

All games in this series

Show
View Real Time Build Order
Export as new Build Order

Serral Zerg - Winner!

Build Orders: Hatch First 

Get SALT Encoding   

  12  0:00  Drone  
  13  0:12  Overlord  
  13  0:20  Drone  
  14  0:31  Drone x2  
  16  0:49  Hatchery  
  15  0:52  Drone  
  15  0:56  Drone  
  17  1:00  Drone  
  18  1:11  Extractor  
  17  1:15  Spawning Pool  
  17  1:18  Drone  
  17  1:23  Drone  
  18  1:29  Drone  
  19  1:41  Drone  
  20  1:50  Overlord  
  20  2:02  Queen x2  
  20  2:03  Zergling x4  
  26  2:12  Metabolic Boost, Drone  
  28  2:15  Drone  
  28  2:22  Drone  
  29  2:25  Drone  
  30  2:39  Hatchery  
  29  2:46  Overlord  
  29  2:49  Drone x2  
  31  2:56  Queen  
  33  3:01  Drone x2  
  35  3:08  Overlord  
  35  3:09  Drone  
  35  3:10  Drone  
  35  3:12  Drone  
  38  3:14  Drone  
  38  3:17  Drone  
  40  3:21  Drone x2  
  40  3:24  Drone  
  40  3:25  Drone  
  44  3:27  Drone  
  44  3:33  Lair  
  45  3:40  Roach Warren  
  44  3:41  Drone  
  44  3:46  Drone x2  
  47  3:49  Drone x2  
  47  3:51  Extractor  
  47  3:52  Drone  
  47  3:53  Extractor  
  49  3:55  Drone x2  
  49  3:59  Drone  
  49  4:02  Overlord  
  51  4:05  Queen  
  53  4:12  Zergling x4  
  55  4:20  Roach x4  
  55  4:22  Roach  
  65  4:27  Overlord  
  65  4:31  Overseer  
  65  4:34  Overlord  
  65  4:37  Overlord  
  65  4:45  Overlord  
  65  4:48  Roach x4  
  73  4:53  Drone x2  
  73  4:56  Overseer, Drone  
  73  4:57  Spore Crawler  
  77  5:00  Roach x2  
  77  5:04  Overlord  
  79  5:09  Roach x2  
  82  5:15  Drone  
  82  5:20  Drone x2  
  82  5:21  Drone  
  86  5:22  Drone x4  
  86  5:27  Drone x2  
  92  5:29  Overlord  
  92  5:36  Drone x2  
  92  5:37  Drone  
  92  5:40  Overlord  
  92  5:41  Extractor  
  92  5:51  Spire, Extractor  
  92  5:52  Roach x3  
  92  5:54  Drone x2  
  92  5:56  Drone  
  97  6:00  Extractor  
  97  6:02  Overlord  
  97  6:04  Drone x2  
  98  6:10  Zergling x2  
  98  6:11  Zergling x4  
  101  6:13  Glial Reconstitution  
  101  6:18  Drone x6  
  107  6:21  Overlord  
  107  6:24  Drone x4  
  109  6:39  Queen  
  111  6:40  Evolution Chamber, Drone  
  111  6:41  Overlord  
  111  6:44  Overlord  
  111  7:00  Hatchery  
  110  7:02  Mutalisk  
  110  7:03  Mutalisk x5  
  110  7:06  Roach x3  
  127  7:09  Overlord  
  127  7:12  Roach x2  
  127  7:15  Roach x2  
  134  7:19  Overlord  
  133  7:27  Ravager x4  
  137  7:30  Roach x5  
  137  7:35  Overlord x2  
  146  7:38  Roach x4  
  154  7:44  Ravager  
  154  7:45  Ravager x2  
  154  7:50  Roach x2  
  161  7:53  Overlord x2  
  161  7:56  Roach x6  
Show
View Real Time Build Order
Export as new Build Order

ShoWTimE Protoss 

Build Orders: 1 Gate Expand, Archon Immortal, Archon Drop, Dark Templar Rush 

Get SALT Encoding   

  12  0:00  Probe  
  13  0:12  Probe  
  14  0:18  Pylon  
  14  0:24  Probe  
  15  0:32  Probe  
  15  0:39  Gateway  
  15  0:40  Probe  
  16  0:48  Assimilator  
  17  0:51  Probe  
  18  1:03  Probe  
  19  1:15  Probe  
  20  1:26  Nexus  
  20  1:35  Cybernetics Core  
  20  1:38  Probe  
  21  1:46  Assimilator  
  21  1:50  Probe  
  21  1:53  Pylon  
  22  2:01  Adept  
  22  2:02  Probe  
  23  2:14  Probe  
  26  2:21  Warp Gate  
  26  2:22  Stalker  
  26  2:26  Probe  
  27  2:33  Twilight Council  
  27  2:36  Probe  
  29  2:39  Probe  
  31  2:44  Probe  
  31  2:51  Probe  
  33  2:54  Probe  
  33  2:57  Robotics Facility  
  34  3:03  Probe  
  35  3:06  Probe  
  36  3:15  Probe x2  
  36  3:19  Dark Shrine  
  38  3:23  Probe  
  38  3:24  Gateway  
  38  3:27  Probe  
  38  3:32  Probe  
  40  3:35  Gateway  
  40  3:36  Warp Prism  
  40  3:38  Gateway  
  43  3:51  Pylon  
  43  3:53  Probe  
  43  3:55  Assimilator  
  44  3:57  Assimilator  
  44  3:59  Probe  
  45  4:05  Probe  
  45  4:08  Pylon  
  46  4:11  Probe  
  47  4:18  Probe  
  47  4:23  Observer  
  47  4:24  Probe  
  50  4:29  Pylon  
  50  4:30  Probe  
  51  4:38  Dark Templar  
  51  4:39  Dark Templar x2  
  51  4:42  Dark Templar  
  59  4:47  Archon  
  59  4:50  Probe  
  59  4:51  Archon  
  60  4:54  Pylon  
  60  4:56  Immortal  
  64  5:06  Pylon  
  64  5:08  Forge  
  64  5:16  Protoss Ground Weapons Level 1  
  64  5:17  Probe x2  
  64  5:19  Sentry x3  
  64  5:20  Zealot  
  70  5:29  Probe  
  70  5:30  Probe  
  72  5:42  Probe  
  69  5:58  Probe  
  69  6:03  Immortal  
  70  6:06  Gateway  
  70  6:07  Gateway  
  70  6:11  Gateway, Charge  
  74  6:12  Probe x2  
  74  6:14  Gateway  
  76  6:24  Probe  
  77  6:31  Immortal  
  77  6:46  Nexus  
  81  6:47  Zealot x2  
  85  7:10  Pylon  
  85  7:12  Pylon x2  
  85  7:24  Pylon  
  85  7:29  Immortal  
  89  7:41  Sentry  
  89  7:42  Dark Templar x3  
  89  7:43  Zealot x2, Dark Templar  
  89  7:44  Zealot  
  105  7:47  Pylon, Archon  
  105  7:48  Archon  
  94  8:05  Stalker  
  94  8:06  Stalker x3  
Tags
 
Add a new tag
Caveats
  • Supply blocks, unpowered buildings, or Contaminate may cause inaccurate times.
  • Supply counts are checked every 10 seconds.